 Dungeon Crawl Stone Soup version 0.30.0-3-ga4e48a9924 (webtiles) character file.

Game seed: 1623866691360444978

49 dialectric the Stinger (level 4, -3/38 HPs)
             Began as a Formicid Wanderer on May 7, 2023.
             Shot with a sling bullet by a goblin (4 damage)
             ... on level 3 of the Dungeon.
             The game lasted 00:03:42 (2031 turns).

dialectric the Stinger (Formicid Wanderer)          Turns: 2031, Time: 00:03:43

Health: -3/38      AC:  3    Str: 13 (16) XL:     4   Next: 1%
Magic:  6/6        EV: 11    Int: 12 (15) God:
Gold:   106        SH:  0    Dex:  9 (12) Spells: 1/5 levels left

rFire   . . .        h - +0 mace
rCold   . . .        (no shield)
rNeg    . . .        d - +0 leather armour
rPois   .            (helmet unavailable)
rElec   .            (no cloak)
rCorr   .            (no gloves)
SInv    +            (no boots)
Will    .....        (no amulet)
Stlth   +            (no ring)
HPRegen 0.26/turn    (no ring)
MPRegen 0.10/turn

%: no passive effects
@: lethally poisoned (-3 -> -13)
A: permanent stasis, dig shafts and tunnels, antennae 3, four strong arms
a: Dig, Shaft Self


You were on level 3 of the Dungeon.
You visited 1 branch of the dungeon, and saw 3 of its levels.

You collected 106 gold pieces.

Inventory:

Hand Weapons
 a - a +0 club
 h - a +0 mace (weapon)
Missiles
 f - 6 boomerangs
Armour
 d - a +0 leather armour (worn)
 v - a +0 kite shield
Magical Staves
 t - a staff of air
Jewellery
 n - a ring of poison resistance
Scrolls
 c - a scroll of fog
 e - 3 scrolls of vulnerability
 k - a scroll of enchant weapon {unknown}
 l - a scroll of teleportation {unknown}
 m - 2 scrolls of noise {unknown}
 q - a scroll of enchant armour {unknown}
 r - a scroll of amnesia {unknown}
 s - a scroll of summoning {unknown}
 u - a scroll of blinking {unknown}
Potions
 b - a potion of lignification
 g - 5 potions of degeneration
 i - a potion of heal wounds {unknown}
 j - 3 potions of mutation {unknown}
 o - 2 potions of haste {unknown}
 p - 2 potions of attraction {unknown}


   Skills:
 + Level 4.8 Fighting
 + Level 1.1 Maces & Flails
 + Level 0.6 Armour
 + Level 0.5 Dodging
 + Level 1.4 Spellcasting
 * Level 5.9 Poison Magic
 - Level 1.1 Invocations


You had one spell level left.
You knew the following spells:

 Your Spells              Type           Power      Damage    Failure   Level
a - Sting                 Tmut/Pois      28%        1d4       11%         1
b - Mephitic Cloud        Conj/Pois/Air  5%         N/A       45%         3

Your spell library contained the following spells:

 Spells                   Type           Power      Damage    Failure   Level
 Cigotuvi's Dreadful Rot  Necr/Pois/Air  10%        N/A       26%         2
 Ensorcelled Hibernation  Hex/Ice        0%         N/A       50%         2
 Passwall                 Tmut/Erth      0%         N/A       50%         2
 Volatile Blastmotes      Fire/Tloc      0%         2d10      73%         3
 Fulminant Prism          Conj/Hex       0%         3d5       98%         4
 Iskenderun's Mystic Bla  Conj/Tloc      0%         2d3       98%         4
 Lee's Rapid Deconstruct  Erth           0%         3d4*      100%        5
 Swiftness                Air            Unusable   N/A       N/A         3

Dungeon Overview and Level Annotations

Branches:
Dungeon (3/15)

Altars:
Sif Muna

Shops:
D:2 *   D:3 *


Innate Abilities, Weirdness & Mutations

You cannot be hasted, slowed, berserked, paralysed or teleported.
You can dig through walls and to a lower floor.
You have a pair of large antennae on your head. (SInv)
Your four strong arms can wield two-handed weapons with a shield.


Message History

The goblin blocks your attack.
You feel sick.
You are no longer poisoned.
The goblin closely misses you.
Unknown command.
The goblin blocks your attack.
An orc comes into view. It is wielding a +3 dagger of venom.
The goblin hits you with a +0 war axe. The goblin blocks your attack.
The goblin barely misses you. x2
You hit the goblin.
The goblin is moderately wounded.
The goblin closely misses you.
Unknown command.
Found an escape hatch in the floor.
Found a Fen Folio.
The goblin attacks as you move away! The goblin hits you with a +0 war axe!
The goblin attacks as you move away! The goblin hits you but does no damage.
An adder and a goblin come into view.
The adder hisses angrily.
The goblin shouts!
The goblin unwields a +0 club.
The goblin wields a +0 sling.
The goblin shoots a sling bullet.
The sling bullet hits you.
The adder moves out of view.
The goblin attacks as you move away! The goblin hits you with a +0 war axe.
A rat comes into view.
The goblin shoots a sling bullet.
The sling bullet hits you.
* * * LOW HITPOINT WARNING * * *
The goblin shoots a sling bullet.
The sling bullet barely misses you.
The sling bullet closely misses the goblin.
The goblin attacks as you move away! The goblin hits you with a +0 war axe.
* * * LOW HITPOINT WARNING * * *
The goblin shoots a sling bullet.
The sling bullet barely misses you.
The sling bullet hits the orc but does no damage.
It was a potion of degeneration.
There was something very wrong with that liquid.
You feel weakened.
You feel dopey.
You feel clumsy.
The orc hits you with a +3 dagger of venom.
* * * LOW HITPOINT WARNING * * *
You are lethally poisoned!
The goblin closely misses you.
The goblin shoots a sling bullet.
The sling bullet hits you.
You die...

#... #...........#
###... #..........##
......# ##.......†..##
#....r.####...........##
#....#......#....#....##
#.....S...............##
#.....................##
#.......o...............
#......@g.........######
#.....>...........#
#..g..........:...#
################### #.
#. #


You could see an adder, an orc, 2 goblins and a rat.

Vanquished Creatures
  An adder (D:3)
  A bat (D:2)
  3 endoplasms
  5 giant cockroaches
  2 goblins
  2 hobgoblins
  3 jackals (D:2)
  3 quokkas
  6 ball pythons
  4 frilled lizards (D:1)
  4 kobolds
  5 rats
39 creatures vanquished.

Notes
Turn   | Place    | Note
-------+----------+-------------------------------------------
     0 | D:1      | dialectric the Formicid Wanderer began the quest for the
                  | Orb.
     0 | D:1      | dialectric set off with the following items: a +0 club, a
                  | potion of lignification, a scroll of fog, a +0 leather
                  | armour, a scroll of vulnerability; and the following spell
                  | memorised: Sting; and the following spells available to
                  | memorise: Cigotuvi's Dreadful Rot, Mephitic Cloud.
     0 | D:1      | Reached XP level 1. HP: 20/20 MP: 2/2
   388 | D:1      | Reached XP level 2. HP: 26/26 MP: 3/3
  1072 | D:2      | Reached XP level 3. HP: 30/31 MP: 4/4
  1076 | D:2      | Found Huoroq's General Store.
  1303 | D:2      | Learned a level 3 spell: Mephitic Cloud
  1322 | D:2      | Identified the staff of conjuration "Keux Xix" {Str+5}
  1658 | D:3      | Found Xaginnah's General Store.
  1714 | D:3      | Found a faded altar of an unknown god.
  1736 | D:3      | Reached skill level 1 in Maces & Flails
  1923 | D:3      | Found a shimmering blue altar of Sif Muna.
  1974 | D:3      | Reached XP level 4. HP: 38/38 MP: 4/6
  2031 | D:3      | HP: 1/38 [orc/+3 dagger of venom (3)]
  2031 | D:3      | Shot with a sling bullet by a goblin

Illustrated notes

Levels and vault maps discovered:
D:1:      co_arrival_random_square_maze, layout_loops_ring,
          nicolae_figureground_pulse
D:2:      layout_loops_ring, serial_shops, nicolae_shop_just_a_little_nook
D:3:      layout_basic, mainiacjoe_overflow_paths, serial_shops,
          nicolae_shop_just_a_little_nook,
          hellmonk_ecumenical_altar_arch_garden, minmay_close_crescents

Skill      XL: |  1  2  3 |
---------------+----------+-----
Maces & Flails | 1 |  1.1
Fighting       | |  4.8
Armour         | |  0.6
Dodging        | |  0.5
Spellcasting   | |  1.4
Poison Magic   | |  5.9
Invocations    | |  1.1

Action                     |  1- 3 |  4- 6 || total
---------------------------+-------+-------++-------
  Melee: Mace              |    70 |     4 ||    74
   Cast: Sting             |    20 |     4 ||    24
    Use: Potion            |       |     1 ||     1
 Armour: Leather armour    |    28 |     1 ||    29
  Dodge: Dodged            |    53 |     8 ||    61
